Cogmind - Beta 16 --- EXPLORER MODE // 2025.11.13 @ 16:55:15 Player: K.K.Y. Result: Destroyed by Autobeam Turret with Autobeam Performance ------------- Evolutions (0) 0 Regions Visited (2) 400 Robots Destroyed (33) 165 Value Destroyed (710) 710 Prototype IDs (12) 240 Alien Tech Used (0) 0 Bonus (0) 0 TOTAL SCORE: 1515 Bonus ------- None Cogmind --------- Core Integrity 0/250 Matter 297/300 Energy 168/170 System Corruption 0% Temperature Cool (12) Movement Walking (130) Location -10/Subcaves Parts ------- > --- POWER (1) -------- Makeshift Power Source > --- PROPULSION (3) --- Cargo Legs > --- UTILITY (2+2) ---- Medium Storage Unit > --- WEAPON (2) ------- Riot Gun Heavy Battle Rifle > --- INVENTORY (10) --- Small Storage Unit Large Storage Unit High-capacity Storage Unit Huge Storage Unit Machine Analyzer Transport Network Coupler Scrap Shield Peak State ------------ > --- POWER ------------ Makeshift Power Source > --- PROPULSION ------- Cargo Legs > --- UTILITY ---------- Medium Storage Unit > --- WEAPON ----------- Riot Gun Heavy Battle Rifle > --- INVENTORY -------- Small Storage Unit Large Storage Unit High-capacity Storage Unit Huge Storage Unit Machine Analyzer Transport Network Coupler Scrap Shield [Rating: 29] Favorites ----------- Power Light Ion Engine Engine Light Ion Engine Power Core Light Nuclear Core Propulsion Aluminum Leg Leg Aluminum Leg Utility Medium Storage Unit Device Sensor Array Storage Medium Storage Unit Weapon Small Laser Energy Gun Small Laser Ballistic Gun Heavy Battle Rifle Ballistic Cannon Battle Cannon Special Weapon Mining Laser Build | -11 -10 -10 ------- Run | Yrd Mat Sub Slots Evolved 1 | . 1 . Power . | . . . Propulsion 1 | . 1 . Utility . | . . . Weapon . | . . . Parts Attached 22 | 6 6 10 Power 3 | 1 1 1 Engine 2 | 1 . 1 Core 1 | . 1 . Reactor . | . . . Propulsion 8 | 2 3 3 Treads . | . . . Leg 8 | 2 3 3 Wheel . | . . . Hover . | . . . Flight . | . . . Utility 3 | 2 . 1 Device 2 | 1 . 1 Storage 1 | 1 . . Processor . | . . . Hackware . | . . . Protection . | . . . Artifact . | . . . Weapon 8 | 1 2 5 Energy Gun 5 | 1 1 3 Energy Cannon . | . . . Ballistic Gun 1 | . . 1 Ballistic Cannon 1 | . . 1 Launcher . | . . . Special Weapon 1 | . 1 . Impact Weapon . | . . . Slashing Weapon . | . . . Piercing Weapon . | . . . Special Melee Weapon . | . . . Unidentified Prototypes . | . . . Parts Lost 6 | . . 6 Power 1 | . . 1 Propulsion 3 | . . 3 Utility 1 | . . 1 Weapon 1 | . . 1 Highest Loss Streak 3 | . . 3 To Critical Strikes 2 | . . 2 Average Backups 7 | 2 5 8 Power . | . . . Propulsion . | . . . Utility 5 | 1 4 6 Weapon . | . . . Tool/Special . | . . . Unused Backups 9 | . 1 8 Power . | . . . Propulsion 1 | . 1 . Utility 8 | . . 8 Weapon . | . . . Tool/Special . | . . . Average Slot Usage (%) 85 | . 95 79 Engine 6 | . 9 5 Core 3 | . 2 3 Leg 31 | . 36 28 Device 6 | . 12 3 Storage 11 | . 12 11 Energy Gun 16 | . 20 14 Ballistic Gun 4 | . . 6 Special Weapon 1 | . . 1 Peak Build Rating 29 | 6 11 29 Average Rating 11 | 3 8 13 On Entrance 5 | . 6 10 Avg Prop Armor Cover (%) . | . . . Naked Turns . | . . . Heaviest Build 27 | 15 20 27 Greatest Support 55 | 20 30 55 Greatest Overweight (x) 1 | . . 1 Average Overweight (x) . | . . . Largest Inventory Capacity 10 | 10 10 10 Average Capacity 9 | 7 10 10 Most Carried 10 | 5 9 10 Average Carried 7 | 2 5 9 Final Capacity 10 | 10 10 10 Final Carried 8 | 1 7 8 Class Distribution -------------------- 88% | Hacker-Mutant 11% | Scavenger-Mutant Dominant Class ---------------- Hacker-Mutant | -10/Materials Hacker-Mutant | -10/Subcaves Resources | -11 -10 -10 ----------- Run | Yrd Mat Sub Matter Collected 442 | 113 192 137 Remotely . | . . . Salvage Created 1200 | . 812 388 Parts 69 | . 45 24 Haulers Intercepted 2 | . 2 . Recyclers Shooed 3 | . 3 . Parts Field Recycled . | . . . Retrieved Matter . | . . . Parts Self-Destructed . | . . . Prevented . | . . . Parts Restored . | . . . Kills | -11 -10 -10 ------- Run | Yrd Mat Sub Combat Hostiles Destroyed 20 | . 8 12 Guns 18 | . 7 11 Cannons 1 | . . 1 Classes Destroyed 9 | . 7 2 Worker 3 | . 3 . Tunneler 2 | . 2 . Hauler 2 | . 2 . Recycler 3 | . 3 . Watcher 3 | . 3 . Swarmer 6 | . 2 4 Grunt 6 | . 6 . Cobbler 1 | . . 1 Subdweller 8 | . . 8 Best Kill Streak 7 | . 7 4 Combat Bots Only 4 | . 2 4 Max Kills in Single Turn 2 | . 2 2 Gunslinging 1 | . . 1 Exploded . | . . . Melee . | . . . Uniques/NPCs Destroyed . | . . . Combat | -11 -10 -10 -------- Run | Yrd Mat Sub Hostile Shots Fired 120 | . 50 70 Missed 34 | . 15 19 Hits 86 | . 35 51 Projectile 86 | . 35 51 AOE 3 | . . 3 Critical Strikes 3 | . 1 2 Damage Taken 889 | . 290 599 Core 250 | . 78 172 Absorbed by Shields . | . . . Ignored by Resistances 546 | . 181 365 Core Remaining (%) 100 | 100 . . Volleys Fired 147 | . 67 80 Largest 2 | . 2 2 Hottest 165 | . 140 165 Shots Fired 215 | . 87 128 Gun 196 | . 86 110 Cannon 2 | . . 2 Launcher . | . . . Special 17 | . 1 16 Kinetic 9 | . . 9 Thermal 200 | . 87 113 Explosive . | . . . Electromagnetic 6 | . . 6 Robot Hit Streak 23 | . 23 16 Robot Miss Streak 2 | . 2 1 Penetration Max . | . . . Secondary Targets 3 | . 1 2 Max Gunslinging Chain 1 | . 1 1 Shots Hit Robots 124 | . 67 57 Core Hits 58 | . 36 22 Critical Kills . | . . . Critical Parts Destroyed . | . . . Critical Strikes 2 | . . 2 Burn 2 | . . 2 Melee Attacks . | . . . Impact . | . . . Slashing . | . . . Piercing . | . . . Sneak Attacks . | . . . Combat Hostiles . | . . . Follow-up Attacks . | . . . Damage Inflicted 1733 | . 833 900 Guns 1585 | . 801 784 Cannons 44 | . . 44 Explosions . | . . . Melee . | . . . Ramming 32 | . 32 . Kinetic 103 | . . 103 Thermal 1567 | . 801 766 Explosive . | . . . Electromagnetic 31 | . . 31 Impact . | . . . Slashing . | . . . Piercing . | . . . Highest Corruption . | . . . Average Corruption . | . . . Corruption Purged . | . . . Corruption Blocked . | . . . Overload Shots . | . . . Overflow Damage . | . . . Projectiles . | . . . Explosions . | . . . Melee . | . . . Knockbacks . | . . . Impact . | . . . Kinetic . | . . . Secondary . | . . . Self-Inflicted Damage . | . . . Shots . | . . . Rammed . | . . . Targets Rammed 5 | . 5 . Kicked 5 | . 5 . Crushed . | . . . Highest Temperature 164 | . 164 27 Average Temperature 46 | . 56 10 Received Heat Transfer 435 | . 270 165 Siege Activations . | . . . Martial Activations . | . . . Shielding Activations . | . . . Robots Disrupted . | . . . Combat Hostiles . | . . . Robots Corrupted . | . . . Combat Hostiles . | . . . Parts Fried . | . . . Impact Corruptions . | . . . Robots Melted 1 | . 1 . Combat Hostiles 1 | . 1 . Parts Melted 5 | . 4 1 Heat Transferred 3675 | . 1831 1844 Parts Sabotaged . | . . . Parts Stolen . | . . . Parts Stripped . | . . . Power Chain Reactions . | . . . Alert | -11 -10 -10 ------- Run | Yrd Mat Sub Maximum Alert Level . | . . . Low Security (%) 100 | 100 100 . Level 1 . | . . . Level 2 . | . . . Level 3 . | . . . Level 4 . | . . . Level 5 . | . . . High Security . | . . . Max Security . | . . . Peak Influence 50 | . 50 . Initial . | . . . Average 4 | . 5 . Influence Increases 415 | . 275 140 Destroy 0b10 Robot/C 240 | . 160 80 Destroy 0b10 Robot/NC 65 | . 65 . Destroy Leader 50 | . 50 . Lose Combat Pursuer 60 | . . 60 Influence Decreases 325 | . 275 50 Time Decay 305 | . 275 30 Lost Part 20 | . . 20 Squads Dispatched . | . . . Investigation . | . . . Extermination . | . . . Reinforcement . | . . . Assault . | . . . Garrison . | . . . Intercept . | . . . Searches Triggered . | . . . Construction Impeded . | . . . Haulers Reinforced . | . . . Active Scanning Responses . | . . . Cargo Convoy Interrupts . | . . . Stealth | -11 -10 -10 --------- Run | Yrd Mat Sub Distress Signals 1 | . 1 . Communications Jammed . | . . . Distress Signals . | . . . Times Spotted 27 | . 11 16 Peak Tracking Total 4 | . 4 3 Tactical Retreats 2 | . . 2 Traps | -11 -10 -10 ------- Run | Yrd Mat Sub Traps Triggered 3 | . 3 . Indirectly . | . . . Trap Hack Attempts . | . . . Triggered . | . . . Disarmed . | . . . Reprogrammed . | . . . Reused . | . . . Traps Extracted . | . . . Installed . | . . . Triggered . | . . . Machines | -11 -10 -10 ---------- Run | Yrd Mat Sub Machines Disabled 1 | . . 1 Max in Single Turn 1 | . . 1 Machines Repaired . | . . . Machines Dismantled . | . . . Machines Sabotaged . | . . . Overloaded Fab Kills . | . . . Hacking | -11 -10 -10 --------- Run | Yrd Mat Sub Machines Accessed 2 | . . 2 Terminals . | . . . Fabricators . | . . . Repair Stations . | . . . Recycling Units . | . . . Scanalyzers . | . . . Garrison Access . | . . . Total Hacks 5 | . . 5 Successful 5 | . . 5 Failed . | . . . Catastrophic . | . . . Database Lockouts . | . . . Manual . | . . . Terminals . | . . . Fabricators . | . . . Repair Stations . | . . . Recycling Units . | . . . Scanalyzers . | . . . Garrison Access . | . . . Terminal Hacks 5 | . . 5 Record 4 | . . 4 Proto ID Catalog 1 | . . 1 Fabricator Hacks . | . . . Repair Station Hacks . | . . . Recycling Unit Hacks . | . . . Scanalyzer . | . . . Garrison Access Hacks . | . . . Unauthorized Hacks . | . . . Terminals . | . . . Fabricators . | . . . Repair Stations . | . . . Recycling Units . | . . . Scanalyzers . | . . . Garrison Access . | . . . Data Cores Recovered . | . . . Used . | . . . Hacking Detections . | . . . Full Trace Events . | . . . Feedback Events . | . . . Feedback Blocked . | . . . Robot Schematics Acquired . | . . . Robots Built . | . . . Authchips . | . . . Time . | . . . Total Robot Build Rating . | . . . Part Schematics Acquired . | . . . Parts Built . | . . . Authchips . | . . . Time . | . . . Total Part Build Rating . | . . . Part Studies Acquired . | . . . Parts Repaired . | . . . Time . | . . . Parts Recycled . | . . . Recycled Matter . | . . . Retrieved Matter . | . . . Retrieved Components . | . . . Parts Scanalyzed . | . . . Part Schematics Acquired . | . . . Parts Damaged . | . . . Bothacking | -11 -10 -10 ------------ Run | Yrd Mat Sub Used RIF Installer . | . . . Robots Hacked . | . . . Non-combat . | . . . Combat . | . . . Robot Hacks Applied . | . . . Relay Couplers Released . | . . . Fabnet Peak Effective % . | . . . Robots Rewired . | . . . Allies Hacked . | . . . Hacks Repelled . | . . . Allies | -11 -10 -10 -------- Run | Yrd Mat Sub Total Allies . | . . . Largest Group . | . . . Highest-Rated Group . | . . . Highest-Rated Ally . | . . . Total Orders . | . . . Ally Attacks . | . . . Total Damage . | . . . Kills . | . . . Allies Corrupted . | . . . Allies Melted . | . . . Intel | -11 -10 -10 ------- Run | Yrd Mat Sub Active Infowar (turns) 2872 | 21 1879 972 Sensors 2872 | 21 1879 972 Robot Analysis Total . | . . . Derelict Logs Recovered 1 | . . 1 Drone Launches . | . . . Drone Recoveries . | . . . Exploration | -11 -10 -10 ------------- Run | Yrd Mat Sub Turns Passed 5065 | 46 1879 3140 Spaces Moved 2447 | 45 886 1516 Core 27 | 27 . . Treads . | . . . Legs 2420 | 18 886 1516 Wheels . | . . . Hover . | . . . Flight . | . . . Fastest Speed 50 | 50 120 120 Average Speed 132 | 78 120 141 Slowest Speed 190 | 120 120 190 Overloaded Moves . | . . . Propulsion Burnouts . | . . . Robots Hopped . | . . . Potential Cave-ins . | . . . Cave-ins Triggered . | . . . Exploration Rate (%) 55 | 4 99 63 Regions Visited 2 Branch Regions 1 Pre-discovered Areas . | . . . Known Exits Taken 2 | 1 1 . Unknown Exits Taken . | . . . Scrap Searched 3 | . . 3 Spaces Dug . | . . . Terrain Destroyed . | . . . Melee . | . . . Projectile . | . . . AOE . | . . . Terrain Rammed . | . . . Walls Destroyed . | . . . Machines Disabled . | . . . Actions | -11 -10 -10 --------- Run | Yrd Mat Sub Total 4021 | 55 1612 2354 Wait 1360 | . 631 729 Move 2445 | 44 885 1516 Hop . | . . . Pick Up 25 | 5 13 7 Fast Attach 4 | 2 . 2 Attach 10 | 4 3 3 Detach 1 | . . 1 Swap 11 | . 4 7 Drop 12 | . 4 8 Fire 147 | . 67 80 Melee . | . . . Ram . | . . . Kick 5 | . 5 . Crush . | . . . Escape Stasis . | . . . Rewire 1 | . . 1 Trap . | . . . Miscellaneous . | . . . Route ------- -11/Scrapyard -10/Materials (discovered 6 exits: *Mat x3 / *Min x2 / *Sub) -10/Subcaves (discovered 3 exits: *Mat x2 / *Rec) History --------- Turn | Location | Event 9 | -11/Scrapyard | Identified exit to Materials 9 | -11/Scrapyard | Discovered exit to Materials (range 16) 47 | -11/Scrapyard | Entered Materials 47 | -10/Materials | Evolved 1 slot: Propulsion x1 125 | -10/Materials | Identified exit to Mines 125 | -10/Materials | Discovered exit to Mines (range 13) 302 | -10/Materials | Build established: Hacker-Mutant 525 | -10/Materials | Discovered exit to Mines (range 15) 746 | -10/Materials | Identified exit to Materials 746 | -10/Materials | Discovered exit to Materials (range 15) 847 | -10/Materials | Discovered exit to Materials (range 13) 1031 | -10/Materials | Discovered exit to Materials (range 14) 1920 | -10/Materials | Identified exit to Subcaves 1920 | -10/Materials | Discovered exit to Subcaves (range 3) 1926 | -10/Materials | Entered Subcaves 1927 | -10/Subcaves | Approached by a straggling Scientist 2081 | -10/Subcaves | Learned location of 1 exit from Materials 2084 | -10/Subcaves | Identified exit to Materials 2084 | -10/Subcaves | Discovered exit to Materials (range 13) 2100 | -10/Subcaves | A swath of the cavern ceiling suddenly collapsed 2124 | -10/Subcaves | Disturbed a concealed Subdweller 2281 | -10/Subcaves | Shifting Twisted Machinery released Flamer 2305 | -10/Subcaves | Core integrity fell below 50% 2347 | -10/Subcaves | Discovered exit to Materials (range 14) 2356 | -10/Subcaves | Shifting Twisted Machinery released Flamer 2369 | -10/Subcaves | Shifting Twisted Machinery released Mak. Thermal Plating 2597 | -10/Subcaves | Visited 4L-MR0's lab 2618 | -10/Subcaves | Found Cargo Legs 2640 | -10/Subcaves | Build established: Scavenger-Mutant 2895 | -10/Subcaves | Core integrity fell below 20% 2955 | -10/Subcaves | Lost 3 parts (1p1n1u) 2970 | -10/Subcaves | Visited Clippyterm 2974 | -10/Subcaves | Identified exit to Recycling 2974 | -10/Subcaves | Learned 40 Factory zone layouts 3139 | -10/Subcaves | Curiously followed by a Cobbler waking with a query about "LVR3C" 3236 | -10/Subcaves | Build established: Hacker-Mutant 5058 | -10/Subcaves | Attached Cargo Legs, gained temporary slots: Utility x2 5066 | -10/Subcaves | A Subdweller sparked back to life 5066 | -10/Subcaves | Destroyed by Autobeam Turret with Autobeam Last Messages --------------- 04770_ ET-25Z(O) collects matter. 04808_ ET-25Z(O) puts together Sub. Power Source. 04822_ ET-25Z(O) collects matter. 05049_ S-10 Pest destroyed. 05050_ Aluminum Leg destroyed. 05052_ Critical hit (Destroy). 05052_ Aluminum Leg destroyed. 05052_ S-10 Pest destroyed. 05052_ Switching to secondary target: S-10 Pest. 05052_ S-10 Pest destroyed. 05058_ Core temporarily expanded with Utility slot. 05061_ Acquired 13 matter. 05062_ S-10 Pest destroyed. 05062_ Switching to secondary target: Autobeam Turret. 05063_ Acquired 3 matter. 05066_ KD-NP8(R) creaks and sparks as it begins to move. Map ----- +----------------------------------------------------+ | """####??????###### ### " ""#??????? | | #"##?????????# ## ##?# ""#??????? | | ###??????????# ##??## " #??????? | | ?????????????## #####????###"" " ### " #??????? | | ??????????????#####??????????# """"## " #??????? | | ?????????????????????????????# """ ##??????? | | ?????????????????????????????######" ##??????? | | ??????????????????????????????????## " #??????? | | ???????????????????????????????????# " #??????? | | ?????????????????????????????????### | #??????? | | ????????????????????????????????## ##??????? | | ???????????????????????????????## ###???????? | | ?????????????????????????????### #?????????? | | ?????????????????????????????# ######????????? | | ?????????????????????????????# #### ##???????? | | ?????????????????????????????## #??###### | | ??????????????????????????????# #??#""""# | | ??????????????????????????????## #"###""#"" | | ??????????????????###??????????# # # ##""# ### | | #######???????????# ##??????### ## "## "###" | | ##??????????# ##### ## ## ####"### | | #??????????# # " ####??##### | | ##???????????# # ##" #?????????# | | #???????????## ##### & ##????????# | | ##??????????## ## # <& R" #????????# | | #???????????# %@%* # " # ##????????? | | ###???""t *# %###########?????????? | | #??> ###[#???????????????????? | | ### ##???""t ?? #??????????????????? | | ??## #????" # # ?## ##??????????????????? | | ??## #????? ??# ?## ?? ???????????????????? | | ### ##????"????##???# ???## ???????????????????? | | #?????????????? ????? ??????????????????? | | ##?????????????? ?????# ??????????????????? | | ##?????????????# ?????? ??????????????????? | | ##????????????O ??????? #?????????????????? | | #???????????? ??????? ?????????????????? | | ##??????????? ????????#?????????????????? | | ###???????????? ??????????????????????????? | | ##??????????????? ???????????????????????????? | | ## #????????????????????????????????????????????? | | ?# #????????????????????????????????????????????? | | ?# ???????????????????????????????????????????? | | ?# # ??????????????????????????????????????????? | | ?#######?????????????????????????????????????????? | | ?????????????????????????????????????????????????? | | ?#???????????????????????????????????????????????? | | ###?????????????????????????????????????????????? | | #?????????????????????????????????????????????? | | #???????????????????????????????????????????????? | +----------------------------------------------------+ Best States ------------- Heat Dissipation 25 Energy Generation 15 Energy Capacity 170 Matter Stores 300 Matter Capacity 300 Sight Range 16 Robot Scan Range 19 Terrain Scan Density 10 Resistance: KI 35 Resistance: TH 35 Resistance: EX 35 Resistance: EM 35 Resistance: I 35 Resistance: S 35 Resistance: P 35 Evasion (%) 55 Offensive Hacking 20 Item Schematics ----------------- None Robot Schematics ------------------ None Fabricated ------------ Nothing Repaired ---------- Nothing Studied --------- None Alien Tech Used ----------------- None Achievements -------------- None Challenges ------------ None Game ------ Seed NovaCarbideBallwheel Manual? 0 Play Time 00:21:33 Cumulative 88.9 hours Start 2025.11.13 @ 16:38:40 End 2025.11.13 @ 16:55:15 Sessions 1 Manual Loads 0 Difficulty Explorer Special Mode None Game No. 91 Rogue 0 Adventurer 0 Explorer 91 Win Type - Total 0 Types 0/0/0/0/0/0/0/0/0/0 Lore% 57 Gallery% 55 Achievement% 44 Wizard Run 0 Options --------- Layout 1 ASCII 0 Keyboard 0 Movement Mouse Keybinds 0 Fullscreen 1 Font 24/Smallcaps Map View 50x35 Zoom Use 0% Tactical HUD 1 Map Filters NONE Filters NONE Steam 1 RUN: 8e99cffd-4fe3-47c7-b370-265d67cfedee